General information
- name: BNet
- type: Ladder team game (AT/RT)
- host: Battle.net
- saver: VampireHunter
map: Slalom
- players: 8
- length: 41:12
- speed: Fast
- version: 1.26 W3XP
- replay type: Public
» download(203 KB)
Players
team 1 (loser)
Freezer_ (
blue | 35 APM | 580 actions | 16:29)
3 Keeper of the Grove
2 Entangling Roots
1 Thorns Aura
» actions
| Basic commands | 39 | |
| Build / train | 59 | |
| Enter build submenu | 15 | |
| Enter hero's abilities submenu | 3 | |
| Give item / drop item | 2 | |
| Remove unit from queue | 3 | |
| Right click | 182 | |
| Select / deselect | 189 | |
| Use ability | 88 | |
580 total
» units
| Wisp | 19 | |
| Chimaera | 9 | |
| Hippogryph | 6 | |
34 total
» upgrades
| Strength of the Wild | 3 | |
| Reinforced Hides | 3 | |
| Nature's Blessing | 1 | |
| Well Spring | 1 | |
| Ultravision | 1 | |
| Corrosive Breath | 1 | |
10 total
» buildings
| Ancient of Wonders | 1 | |
| Altar of Elders | 1 | |
| Moon Well | 6 | |
| Tree of Ages | 1 | |
| Hunter's Hall | 1 | |
| Tree of Eternity | 1 | |
| Ancient of Wind | 2 | |
| Chimaera Roost | 3 | |
16 total
» build order
00:24 Ancient of Wonders
00:49 Altar of Elders
00:54 Moon Well
01:54 Moon Well
02:01 Moon Well
03:04 Moon Well
03:24 Tree of Ages
03:30 Hunter's Hall
03:59 Moon Well
04:56 Moon Well
05:48 Tree of Eternity
05:52 Ancient of Wind
08:17 Chimaera Roost
08:18 Chimaera Roost
08:19 Chimaera Roost
12:20 Ancient of Wind
» items
| Healing Salve | 1 | |
| Boots of Speed | 1 | |
| Tiny Great Hall | 2 | |
4 total
ByeByeBlackbird (
red | 78 APM | 3193 actions | 41:11)
7 Far Seer
3 Feral Spirit
3 Chain Lighting
1 Earth Quake
1 Blademaster
1 Wind Walk
» actions
| Assign group hotkey | 68 | |
| Basic commands | 125 | |
| Build / train | 145 | |
| ESC pressed | 8 | |
| Enter build submenu | 71 | |
| Enter hero's abilities submenu | 9 | |
| Give item / drop item | 13 | |
| Right click | 1432 | |
| Select / deselect | 589 | |
| Select group hotkey | 517 | |
| Use ability | 216 | |
3193 total
» units
| Peon | 51 | |
| Grunt | 10 | |
| Wind Rider | 8 | |
| Troll Batrider | 5 | |
| Raider | 7 | |
| Chimaera | 5 | |
86 total
» upgrades
| Spiked Barricades | 4 | |
| Armor | 3 | |
| Ranged Weapons | 3 | |
| Reinforced Defenses | 2 | |
| Troll Regeneration | 1 | |
| Envenomed Spears | 1 | |
| Liquid Fire | 1 | |
| Pillage | 1 | |
| Backpack | 1 | |
| Melee Weapons | 2 | |
| Ensnare | 1 | |
20 total
» buildings
| Altar of Storms | 2 | |
| Orc Burrow | 10 | |
| Barracks | 1 | |
| Voodoo Lounge | 3 | |
| War Mill | 2 | |
| Great Hall | 7 | |
| Stronghold | 2 | |
| Watch Tower | 29 | |
| Fortress | 3 | |
| Beastiary | 6 | |
| Ancient Protector | 6 | |
71 total
» build order
00:03 Altar of Storms
00:08 Orc Burrow
00:28 Barracks
01:32 Orc Burrow
02:11 Voodoo Lounge
02:50 Orc Burrow
04:27 War Mill
04:51 Great Hall
05:43 Stronghold
06:02 Orc Burrow
06:30 Watch Tower
06:40 Watch Tower
07:13 Watch Tower
08:48 Fortress
09:26 Watch Tower
09:41 Watch Tower
09:46 Watch Tower
09:58 Beastiary
10:02 Beastiary
10:08 Beastiary
10:21 Watch Tower
10:23 Watch Tower
10:29 Orc Burrow
10:40 Watch Tower
10:44 Watch Tower
11:44 Watch Tower
11:49 Watch Tower
12:44 Great Hall
13:05 Watch Tower
13:06 Watch Tower
13:07 Watch Tower
13:09 Watch Tower
13:10 Watch Tower
15:26 Watch Tower
16:49 Great Hall
17:04 Great Hall
17:08 Orc Burrow
17:39 Great Hall
17:42 Watch Tower
17:43 Watch Tower
17:46 Ancient Protector
17:47 Ancient Protector
17:48 Ancient Protector
17:53 Ancient Protector
18:17 Great Hall
18:22 Ancient Protector
18:24 Ancient Protector
18:59 Watch Tower
19:00 Watch Tower
19:02 Watch Tower
20:30 Watch Tower
21:55 Altar of Storms
22:14 Voodoo Lounge
22:57 Stronghold
24:05 Orc Burrow
24:08 Orc Burrow
24:13 Orc Burrow
24:23 Watch Tower
24:27 Orc Burrow
26:11 Fortress
26:11 Fortress
27:34 War Mill
30:22 Watch Tower
30:23 Watch Tower
30:37 Voodoo Lounge
31:58 Beastiary
32:08 Beastiary
34:27 Beastiary
35:24 Great Hall
36:00 Watch Tower
36:03 Watch Tower
» items
| Healing Salve | 4 | |
| Periapt of Vitality | 1 | |
| Staff of Teleportation | 1 | |
| Potion of Healing | 3 | |
| Scroll of Town Portal | 1 | |
| Orb of Lightning | 1 | |
| Scroll of Healing | 1 | |
| Potion of Lesser Invulnerability | 2 | |
| Lesser Clarity Potion | 7 | |
| Potion of Mana | 1 | |
22 total
justin_420 (
green | 33 APM | 570 actions | 17:06)
2 Blademaster
1 Wind Walk
1 Critical Strike
» actions
| Build / train | 44 | |
| Enter build submenu | 14 | |
| Enter hero's abilities submenu | 2 | |
| Remove unit from queue | 2 | |
| Right click | 278 | |
| Select / deselect | 211 | |
| Use ability | 19 | |
570 total
» units
» upgrades
| Melee Weapons | 1 | |
| Armor | 1 | |
| Shaman Training | 2 | |
| Ensnare | 1 | |
| Pillage | 1 | |
6 total
» buildings
| Altar of Storms | 1 | |
| Orc Burrow | 6 | |
| Stronghold | 1 | |
| War Mill | 1 | |
| Voodoo Lounge | 1 | |
| Fortress | 1 | |
| Spirit Lodge | 1 | |
| Beastiary | 1 | |
13 total
» build order
00:10 Altar of Storms
00:18 Orc Burrow
00:28 Orc Burrow
02:44 Stronghold
03:04 War Mill
03:41 Voodoo Lounge
05:05 Fortress
05:12 Spirit Lodge
05:51 Beastiary
06:22 Orc Burrow
06:31 Orc Burrow
07:00 Orc Burrow
07:17 Orc Burrow

»
AppleJax (
teal | 22 APM | 359 actions | 16:01)
2 Dreadlord
1 Vampiric Aura
1 Sleep
» actions
| Build / train | 31 | |
| Enter build submenu | 15 | |
| Enter hero's abilities submenu | 2 | |
| Right click | 144 | |
| Select / deselect | 152 | |
| Use ability | 15 | |
359 total
» units
| Acolyte | 2 | |
| Ghoul | 7 | |
| Necromancer | 8 | |
17 total
» upgrades
| Unholy Strength | 3 | |
| Unholy Armor | 2 | |
| Necromancer Training | 2 | |
| Skeletal Longevity | 1 | |
| Skeletal Mastery | 1 | |
9 total
» buildings
| Altar of Darkness | 1 | |
| Ziggurat | 6 | |
| Crypt | 1 | |
| Graveyard | 1 | |
| Halls of the Dead | 1 | |
| Temple of the Damned | 2 | |
| Black Citadel | 1 | |
13 total
» build order
00:10 Altar of Darkness
00:13 Ziggurat
01:02 Crypt
01:13 Ziggurat
01:33 Graveyard
03:11 Ziggurat
03:43 Halls of the Dead
04:40 Ziggurat
06:12 Temple of the Damned
06:17 Black Citadel
06:25 Temple of the Damned
08:31 Ziggurat
11:25 Ziggurat
team 2 (winner)
dawood (
purple | 25 APM | 1020 actions | 41:12)
10 Death Knight
3 Death Coil
3 Unholy Aura
1 Animate Dead
3 Death Pact
» actions
| Assign group hotkey | 11 | |
| Basic commands | 4 | |
| Build / train | 65 | |
| Enter build submenu | 23 | |
| Enter hero's abilities submenu | 9 | |
| Give item / drop item | 2 | |
| Right click | 584 | |
| Select / deselect | 235 | |
| Select group hotkey | 51 | |
| Use ability | 36 | |
1020 total
» units
| Acolyte | 13 | |
| Ghoul | 5 | |
| Crypt Fiend | 6 | |
| Obsidian Statue | 2 | |
| Frost Wyrm | 8 | |
34 total
» upgrades
| Creature Attack | 3 | |
| Creature Carapace | 3 | |
| Web | 1 | |
| Burrow | 1 | |
| Freezing Breath | 1 | |
9 total
» buildings
| Altar of Darkness | 1 | |
| Ziggurat | 9 | |
| Graveyard | 1 | |
| Crypt | 1 | |
| Tomb of Relics | 1 | |
| Halls of the Dead | 1 | |
| Black Citadel | 1 | |
| Slaughterhouse | 1 | |
| Sacrificial Pit | 1 | |
| Nerubian Tower | 6 | |
| Boneyard | 2 | |
25 total
» build order
00:24 Altar of Darkness
00:30 Ziggurat
00:58 Graveyard
01:09 Ziggurat
01:26 Ziggurat
01:50 Crypt
02:10 Tomb of Relics
03:44 Ziggurat
04:40 Halls of the Dead
04:59 Ziggurat
07:02 Black Citadel
07:14 Slaughterhouse
07:44 Sacrificial Pit
08:27 Nerubian Tower
09:36 Ziggurat
09:39 Ziggurat
09:58 Boneyard
10:07 Boneyard
10:56 Ziggurat
11:38 Ziggurat
11:41 Nerubian Tower
12:37 Nerubian Tower
12:39 Nerubian Tower
12:44 Nerubian Tower
15:36 Nerubian Tower
» items
VampireHunter (
yellow | 49 APM | 1999 actions | 41:12)
9 Blood Mage
3 Flame Strike
2 Siphon Mana
3 Banish
1 Summon Phoenix
» actions
| Assign group hotkey | 173 | |
| Basic commands | 371 | |
| Build / train | 103 | |
| Enter build submenu | 52 | |
| Enter hero's abilities submenu | 7 | |
| Give item / drop item | 6 | |
| Remove unit from queue | 10 | |
| Right click | 584 | |
| Select / deselect | 400 | |
| Select group hotkey | 172 | |
| Use ability | 121 | |
1999 total
» units
| Peasant | 26 | |
| Footman | 6 | |
| Sorceress | 3 | |
| Dragonhawk Rider | 1 | |
| Gryphon Rider | 3 | |
39 total
» upgrades
| Lumber Harvesting | 2 | |
| Masonry | 2 | |
| Sorceress Training | 1 | |
| Magic Sentry | 1 | |
| Swords | 3 | |
| Armor | 3 | |
| Storm Hammers | 1 | |
| Animal War Training | 1 | |
14 total
» buildings
| Altar of Kings | 1 | |
| Farm | 11 | |
| Barracks | 1 | |
| Keep | 1 | |
| Town Hall | 2 | |
| Arcane Vault | 2 | |
| Lumber Mill | 2 | |
| Scout Tower | 23 | |
| Arcane Tower | 5 | |
| Arcane Sanctum | 1 | |
| Guard Tower | 3 | |
| Castle | 1 | |
| Gryphon Aviary | 10 | |
| Blacksmith | 2 | |
65 total
» build order
00:41 Altar of Kings
00:51 Farm
00:54 Barracks
01:05 Farm
01:06 Farm
01:58 Farm
04:02 Keep
04:25 Town Hall
04:35 Arcane Vault
04:51 Lumber Mill
05:16 Arcane Vault
05:20 Scout Tower
06:00 Arcane Tower
06:03 Scout Tower
06:05 Scout Tower
06:05 Scout Tower
06:07 Scout Tower
06:09 Scout Tower
06:10 Scout Tower
06:15 Scout Tower
06:37 Arcane Sanctum
07:40 Arcane Tower
07:42 Guard Tower
07:48 Lumber Mill
07:51 Scout Tower
09:23 Castle
09:29 Arcane Tower
10:24 Scout Tower
10:25 Scout Tower
10:25 Scout Tower
10:25 Scout Tower
10:26 Scout Tower
10:32 Town Hall
10:34 Scout Tower
10:34 Scout Tower
10:35 Scout Tower
10:35 Scout Tower
10:36 Scout Tower
10:36 Scout Tower
10:38 Scout Tower
10:42 Scout Tower
11:31 Guard Tower
12:00 Gryphon Aviary
12:01 Gryphon Aviary
12:35 Arcane Tower
12:37 Guard Tower
13:03 Arcane Tower
13:42 Blacksmith
13:43 Blacksmith
13:48 Farm
13:49 Farm
13:49 Farm
16:36 Gryphon Aviary
16:36 Gryphon Aviary
16:37 Gryphon Aviary
16:37 Gryphon Aviary
16:39 Gryphon Aviary
16:41 Gryphon Aviary
16:42 Gryphon Aviary
16:46 Gryphon Aviary
24:50 Farm
24:50 Farm
24:51 Farm
24:51 Farm
» items
| Scroll of Regeneration | 2 | |
| Staff of Teleportation | 2 | |
| Potion of Invisibility | 3 | |
| Boots of Speed | 1 | |
| Scroll of Town Portal | 5 | |
| Potion of Healing | 2 | |
| Healing Salve | 1 | |
| Lesser Clarity Potion | 1 | |
| Potion of Lesser Invulnerability | 1 | |
| Tome of Retraining | 1 | |
19 total

»
JakeDog4 (
orange | 33 APM | 1006 actions | 30:45)
5 Far Seer
2 Chain Lighting
3 Far Sight
» actions
| Assign group hotkey | 1 | |
| Basic commands | 19 | |
| Build / train | 65 | |
| Enter build submenu | 30 | |
| Enter hero's abilities submenu | 6 | |
| Give item / drop item | 4 | |
| Right click | 491 | |
| Select / deselect | 261 | |
| Select group hotkey | 12 | |
| Use ability | 117 | |
1006 total
» units
| Peon | 15 | |
| Troll Witch Doctor | 2 | |
| Shaman | 2 | |
| Raider | 6 | |
| Demolisher | 11 | |
36 total
» upgrades
| Armor | 3 | |
| Spiked Barricades | 1 | |
| Shaman Training | 2 | |
| Witch Doctor Training | 2 | |
| Ensnare | 1 | |
| Backpack | 1 | |
| Pillage | 1 | |
| Burning Oil | 1 | |
| Ranged Weapons | 3 | |
15 total
» buildings
| Altar of Storms | 1 | |
| Orc Burrow | 7 | |
| War Mill | 1 | |
| Voodoo Lounge | 2 | |
| Stronghold | 1 | |
| Fortress | 1 | |
| Spirit Lodge | 2 | |
| Watch Tower | 11 | |
| Beastiary | 1 | |
| Barracks | 1 | |
28 total
» build order
00:25 Altar of Storms
00:31 Orc Burrow
01:08 War Mill
01:54 Orc Burrow
02:00 Voodoo Lounge
02:59 Orc Burrow
04:38 Stronghold
04:44 Orc Burrow
05:37 Orc Burrow
06:52 Orc Burrow
07:03 Fortress
07:11 Spirit Lodge
07:13 Spirit Lodge
09:01 Watch Tower
09:23 Watch Tower
09:32 Watch Tower
09:51 Orc Burrow
10:37 Watch Tower
11:47 Watch Tower
12:10 Beastiary
13:04 Watch Tower
13:28 Barracks
14:29 Watch Tower
16:51 Watch Tower
18:28 Watch Tower
20:52 Voodoo Lounge
22:26 Watch Tower
23:39 Watch Tower
» items
| Boots of Speed | 1 | |
| Potion of Healing | 1 | |
| Scroll of Speed | 1 | |
| Tiny Great Hall | 1 | |
| Orb of Lightning | 1 | |
| Healing Salve | 1 | |
6 total

»
Balthzarblaze (
pink | 44 APM | 1600 actions | 36:33)
7 Blademaster
3 Wind Walk
3 Critical Strike
1 Bladestorm
» actions
| Assign group hotkey | 36 | |
| Basic commands | 6 | |
| Build / train | 73 | |
| Enter build submenu | 25 | |
| Enter hero's abilities submenu | 8 | |
| Give item / drop item | 3 | |
| Remove unit from queue | 4 | |
| Right click | 719 | |
| Select / deselect | 362 | |
| Select group hotkey | 313 | |
| Use ability | 51 | |
1600 total
» units
| Peon | 13 | |
| Grunt | 9 | |
| Wind Rider | 10 | |
| Troll Batrider | 15 | |
| Demolisher | 1 | |
48 total
» upgrades
| Ranged Weapons | 3 | |
| Armor | 3 | |
| Envenomed Spears | 1 | |
| Liquid Fire | 1 | |
| Spiked Barricades | 1 | |
9 total
» buildings
| Orc Burrow | 11 | |
| Altar of Storms | 2 | |
| Barracks | 1 | |
| War Mill | 1 | |
| Voodoo Lounge | 1 | |
| Stronghold | 1 | |
| Beastiary | 2 | |
| Fortress | 1 | |
| Great Hall | 3 | |
| Watch Tower | 2 | |
25 total
» build order
00:06 Orc Burrow
00:09 Altar of Storms
01:05 Barracks
01:29 War Mill
01:40 Orc Burrow
02:26 Voodoo Lounge
03:33 Orc Burrow
04:54 Orc Burrow
05:46 Stronghold
05:53 Orc Burrow
08:10 Beastiary
08:15 Beastiary
09:24 Orc Burrow
09:27 Fortress
10:04 Great Hall
10:09 Great Hall
12:41 Orc Burrow
13:36 Orc Burrow
15:19 Watch Tower
17:19 Watch Tower
25:28 Great Hall
27:25 Orc Burrow
28:15 Orc Burrow
29:49 Altar of Storms
30:42 Orc Burrow
» items
Chat log
(00:20 / All) ByeByeBlackbird: NEVER TRUST AN ELF.
(00:27 / Allies) VampireHunter: Too bad, the undead blood sucker is on my team
(00:37 / All) Freezer_: what is a elf?
(00:43 / All) Freezer_: made up fiction
(00:46 / All) ByeByeBlackbird: A species of faggot.
(00:54 / All) ByeByeBlackbird: A different breed of nigger.
(01:13 / All) JakeDog4: i dont appreciate the language
(01:17 / All) ByeByeBlackbird: Shut the fuck up.
(01:23 / All) AppleJax: haha
(01:35 / All) JakeDog4: you are first to die then.
(01:37 / All) VampireHunter: are you colored orange?
(01:41 / All) Freezer_: wc has red believing elves are real
(01:42 / All) ByeByeBlackbird: Jacob Campbell, you are #3. Know your place.
(01:45 / All) Freezer_: brain washed fool
(01:47 / All) Freezer_: lol
(01:59 / All) ByeByeBlackbird: You said you were going to eat and would play tomorrow.
(02:05 / All) ByeByeBlackbird: And here you are being a lying son of a bitch.
(02:19 / All) Freezer_: how lovely you two gays know each other
(02:20 / All) Freezer_: lol
(02:29 / All) ByeByeBlackbird: Get the fuck out lagging spic and Jew.
(04:12 / All) VampireHunter: oh
(04:14 / All) VampireHunter: fucking fag lawl
(04:15 / All) VampireHunter: how lucky
(04:28 / Allies) JakeDog4: siphon me mana
(04:32 / Allies) JakeDog4: i can reveal him
(04:41 / 6) ByeByeBlackbird: I got bottom outside expo
(06:25 / Allies) VampireHunter: clear the expansions
(06:50 / 6) ByeByeBlackbird: go away or I backstab
(06:53 / 6) ByeByeBlackbird: wrong chat
(07:03 / 6) ByeByeBlackbird: some hero leeching fag
(07:27 / Allies) JakeDog4: cuttting it close purp
(07:32 / Allies) dawood: sure was
(08:52 / Allies) JakeDog4: hm
(08:52 / Allies) JakeDog4: necs
(09:49 / Allies) VampireHunter: I'm gonna repay him for the harass
(10:04 / Allies) JakeDog4: which one?
(10:06 / Allies) JakeDog4: grn?
(10:07 / Allies) VampireHunter: green
(10:22 / Allies) JakeDog4: i chill by mana fountain
(10:27 / Allies) JakeDog4: and revela the shit out of them,
(10:33 / Allies) Balthzarblaze: purp you have web
(10:48 / Allies) JakeDog4: kk
(10:52 / All) ByeByeBlackbird: Get the fuck out Nigerian bad Internet piece of shit and kill yourself you fucking soaped up cocksucking homosexual.
(11:18 / All) VampireHunter: nwo that's a harass faggot
(11:27 / All) VampireHunter: UNDEAD BLOOD SUCKER
(12:21 / 6) ByeByeBlackbird: my team sucks ass still no expos
(12:36 / 6) ByeByeBlackbird: lvl 1 heroes lol
(12:51 / All) JakeDog4: revealed nigga
(12:55 / 6) ByeByeBlackbird: at least one of them creeped the high lvl item spiders
(13:36 / All) Freezer_: gg
(13:43 / All) Freezer_: red is about to be exterminated
(13:45 / All) ByeByeBlackbird: Blue trying to take my rightful expo.
(13:49 / All) Freezer_: dumb little kid
(13:52 / All) ByeByeBlackbird: Try it.
(13:55 / All) Freezer_: free win
(13:56 / All) ByeByeBlackbird: You couldn't if you wanted to.
(14:30 / All) ByeByeBlackbird: lol
(14:35 / All) ByeByeBlackbird: Good job.
(14:46 / All) Freezer_: this kid is a real cockroach
(14:48 / All) Freezer_: I tell you
(15:04 / All) ByeByeBlackbird: Sick failed backstab bro.
(15:08 / All) ByeByeBlackbird: Like I told you, you couldn't if you wanted to.
(15:43 / All) ByeByeBlackbird: Soak up that moonjuice please.
(15:52 / Allies) JakeDog4: gg lollll
(16:02 / Allies) VampireHunter: help!
(16:30 / All) ByeByeBlackbird: Detonate that to speed it up please.
(16:31 / All) ByeByeBlackbird: Thanks.
(16:32 / All) JakeDog4: gg
(16:43 / All) ByeByeBlackbird: You all lost so you can leave now.
(16:53 / Allies) VampireHunter: wood please
(17:17 / All) ByeByeBlackbird: Good boys.
(18:08 / All) ByeByeBlackbird: 4 raiders not going to cut it buddy.
(18:26 / 6) ByeByeBlackbird: kk
(18:59 / Allies) VampireHunter: wood plz
(20:21 / All) ByeByeBlackbird: You can all leave now; you lost.
(20:47 / All) JakeDog4: leave
(20:54 / All) ByeByeBlackbird: Why? I won.
(22:07 / Allies) JakeDog4: yellow
(22:13 / Allies) JakeDog4: necessary to kill my demosÉ
(22:17 / Allies) JakeDog4: ?
(22:31 / All) VampireHunter: yes it was
(22:31 / All) ByeByeBlackbird: You have my permission to leave.
(22:36 / Allies) JakeDog4: why?
(23:59 / All) ByeByeBlackbird: gg leave.
(25:34 / All) ByeByeBlackbird: Thanks for the free XP man.
(26:30 / Allies) JakeDog4: yellow
(26:40 / All) VampireHunter: you rang?
(26:49 / Allies) JakeDog4: if you want, i can leave :P if you are dying for red to have the win
(26:58 / All) VampireHunter: thanks man
(27:28 / All) ByeByeBlackbird: I beat you all 1v4. You can leave now.
(28:43 / 6) ByeByeBlackbird: my base
(29:30 / All) ByeByeBlackbird: You can leave now.
(29:31 / All) ByeByeBlackbird: Bye!
(29:39 / All) ByeByeBlackbird: Bella ciao, ciao, ciao, ciao!
(29:55 / All) JakeDog4: yellow is quite frustrating
(29:58 / All) JakeDog4: not sure the antics
(30:00 / All) ByeByeBlackbird: Oh?
(30:24 / All) VampireHunter: may I help you my child?
(30:39 / All) JakeDog4: well.
(30:44 / All) JakeDog4: time to search for a new game
(30:49 / All) ByeByeBlackbird: lol
(31:59 / All) VampireHunter: Ugh jesus
(32:01 / All) VampireHunter: just leave faggots
(32:07 / All) VampireHunter: save me the tedium
(33:05 / All) VampireHunter: pink got him some bats
(34:15 / All) ByeByeBlackbird: Bad idea to focus a far seer with lvl 3 chain lightning pal.
(34:29 / Allies) Balthzarblaze: yellow your a bit of a douche
(34:43 / All) VampireHunter: tell it in all, I ain't got time for your twaddle
(34:59 / Allies) dawood: red and yellow working together. bum buddies
(35:05 / Allies) Balthzarblaze: yup
(35:09 / All) VampireHunter: I wouldn't go that far
(35:10 / Allies) dawood: make them work for the win
(35:25 / All) VampireHunter: tehy're calling us bum buddies
(35:38 / All) VampireHunter: We're not homosexual close, more like platonic friendship close
(36:00 / All) VampireHunter: Jacob Campbell is the homosexual, my good sirs
(36:09 / All) dawood: have fun fellas, im out
(36:13 / All) ByeByeBlackbird: Bye!
(36:15 / All) Balthzarblaze: cya guys
(36:19 / All) ByeByeBlackbird: Bella ciao, ciao, ciao!
(36:19 / All) VampireHunter: He told pink to make us work for the win
(36:21 / All) dawood: afk
(36:22 / All) Balthzarblaze: yellow your;re a gag
(36:24 / All) Balthzarblaze: fag
(36:28 / All) VampireHunter: which is it
(38:06 / All) VampireHunter: purple soon to be 72-75
(38:17 / All) VampireHunter: get pillage
(38:31 / All) ByeByeBlackbird: I got it.
(38:40 / All) VampireHunter: I'm not losing any gold
(38:47 / All) ByeByeBlackbird: Well, I have it.
(38:56 / All) VampireHunter: is it giving oyu gold
(38:59 / All) ByeByeBlackbird: yeah
(39:09 / All) VampireHunter: I always thought it took gold from one player and gave to the other
(40:38 / All) ByeByeBlackbird: HAHA
(40:42 / All) VampireHunter: lawl
(40:43 / All) ByeByeBlackbird: Lucky as hell
(40:57 / All) VampireHunter: I'm trying to kill my buildings my son
(41:00 / All) VampireHunter: but you strike me
(41:04 / All) ByeByeBlackbird: I did?
(41:08 / All) ByeByeBlackbird: Not intentionally if so
(41:10 / All) ByeByeBlackbird: just a moving